 Dungeon Crawl Stone Soup version 0.24.1-14-gf8d2b509d9 (webtiles) character file.

Game seed: 9978015752381356892, levelgen mode: deterministic

224 15bullets the Chopper (level 6, 0/52 HPs)
             Began as a Hill Orc Monk on May 21, 2020.
             Succumbed to a worker ant's poison
             ... on level 4 of the Dungeon.
             The game lasted 00:09:34 (3000 turns).

15bullets the Chopper (Hill Orc Monk)               Turns: 3000, Time: 00:09:35

Health: 0/52       AC:  7    Str: 16    XL:     6   Next: 0%
Magic:  6/6        EV: 18    Int: 10    God:
Gold:   137        SH:  0    Dex: 13    Spells: 5/5 levels left

rFire    . . .     SeeInvis .   a - +0 hand axe
rCold    . . .     Gourm    .   (no shield)
rNeg     . . .     Faith    .   h - +0 ring mail
rPois    .         Spirit   +   (helmet restricted)
rElec    .         Reflect  .   g - scarf {Spirit}
rCorr    .         Harm     .   l - +1 pair of gloves
MR       .....                  (no boots)
Stlth    +.........             (no amulet)
HPRegen  0.17/turn              u - +6 ring of evasion
MPRegen  0.10/turn              (no ring)

@: lethally poisoned (0 -> -2), flying, very slightly contaminated, hasted, very
quick
A: antennae 1, MP-powered wands
a: no special abilities


You were on level 4 of the Dungeon.
You were hungry.

You visited 1 branch of the dungeon, and saw 4 of its levels.

You collected 137 gold pieces.

Inventory:

Hand Weapons
 a - a +0 hand axe (weapon)
Missiles
 b - 2 boomerangs
 i - 35 stones (quivered)
 k - 4 atropa-tipped darts
 q - 30 sling bullets
Armour
 g - a scarf of spirit shield (worn)
 h - a +0 ring mail (worn)
 l - a +1 pair of gloves (worn)
 s - a +0 large shield
Jewellery
 u - a +6 ring of evasion (left hand)
Scrolls
 p - a scroll of remove curse
Potions
 e - 2 potions of might
Comestibles
 c - 12 rations
 d - a chunk of flesh


   Skills:
 + Level 4.3 Fighting
 * Level 7.2 Axes
 + Level 1.8 Armour
 - Level 3.0 Dodging
 - Level 1.5 Stealth


You had 5 spell levels left.
You didn't know any spells.
Your spell library was empty.

Dungeon Overview and Level Annotations

Branches:
Dungeon (4/15)
 Temple: D:4-7

Altars:
Sif Muna
Trog


Innate Abilities, Weirdness & Mutations

You have a pair of small antennae on your head.
You expend magic power (3 MP) to strengthen your wands.


Message History

Things that are here:
a chunk of flesh; a ball python skeleton
d - a chunk of flesh
* * * LOW HITPOINT WARNING * * *
You feel sick.
You see here a stone.
* * * LOW HITPOINT WARNING * * *
You feel sick.
* * * LOW HITPOINT WARNING * * *
You feel sick.
* * * LOW HITPOINT WARNING * * *
You feel sick.
Found 12 gold pieces.
* * * LOW HITPOINT WARNING * * *
You feel sick.
* * * LOW HITPOINT WARNING * * *
You feel sick.
You see here 12 gold pieces.
You now have 137 gold pieces (gained 12).
You die...

.......## ...#...#
......§.#.[.##...#
..##..†.(..###...#
..###.##..###....#
......######.....#
..............#..#
..####..########.# .
#..####.###.## ..... ##
#.....#....@.#....... #.
#..<..#......+........ #.
#.....#......#........> #.
+.....#..#####......... ##
#########'###+#............######
...........................#..<..
...........................#.....
...........................#.....
.....>.....................###..#


There were no monsters in sight!

Vanquished Creatures
  2 orc priests (D:3)
  A worker ant (D:4)
  6 adders
  An adder skeleton (D:4)
  A worm (D:2)
  3 dart slugs
  A leopard gecko (D:3)
  7 orcs (D:3)
  3 giant cockroaches
  4 goblins
  5 hobgoblins
  8 jackals
  7 kobolds
  A quokka (D:2)
  2 ball pythons
  7 bats
  4 frilled lizards
  9 rats
72 creatures vanquished.

Vanquished Creatures (others)
  A frilled lizard (D:1)
1 creature vanquished.

Grand Total: 73 creatures vanquished

Notes
Turn   | Place    | Note
-------+----------+-------------------------------------------
     0 | D:1      | 15bullets the Hill Orc Monk began the quest for the Orb.
     0 | D:1      | Reached XP level 1. HP: 19/19 MP: 1/1
   265 | D:1      | Reached XP level 2. HP: 27/27 MP: 2/2
   811 | D:1      | Reached XP level 3. HP: 33/33 MP: 3/3
  1162 | D:2      | Reached skill level 5 in Axes
  1306 | D:2      | Reached XP level 4. HP: 30/40 MP: 2/4
  1794 | D:2      | Found a shimmering blue altar of Sif Muna.
  2043 | D:3      | Found a bloodstained altar of Trog.
  2104 | D:3      | Reached skill level 6 in Axes
  2104 | D:3      | Reached skill level 1 in Armour
  2402 | D:3      | Reached XP level 5. HP: 43/46 MP: 5/5
  2964 | D:4      | Reached skill level 7 in Axes
  2964 | D:4      | Reached XP level 6. HP: 18/52 MP: 6/6
  2965 | D:4      | Gained mutation: You are clumsy. (Dex -2) [potion of
                  | mutation]
  2965 | D:4      | Lost mutation: You are clumsy. (Dex -2) [potion of
                  | mutation]
  2965 | D:4      | Gained mutation: You have a pair of small antennae on your
                  | head. [potion of mutation]
  2965 | D:4      | Gained mutation: You expend magic power (3 MP) to
                  | strengthen your wands. [potion of mutation]
  2990 | D:4      | HP: 2/52 [poisoned by a worker ant]
  2996 | D:4      | HP: 1/52 [poisoned by a worker ant]
  3000 | D:4      | Succumbed to a worker ant's poison

Levels and vault maps discovered:
D:1:      dpeg_arrival_connections, layout_basic, st_stairs_13,
          minmay_misc_feat_columns
D:2:      layout_basic, lemuel_doored_altar, corexii_leaking_fountain,
          minivault_24
D:3:      layout_loops_ring, old_standard_altar, first_ration
D:4:      layout_gridville, chequers_decorated_corner, minmay_cupped

Skill      XL: |  1  2  3  4  5 |
---------------+----------------+-----
Fighting       | 4 |  4.3
Axes           | 5 6 7 |  7.2
Armour         | 1 |  1.8
Dodging        | 3 |  3.0
Stealth        | |  1.5

Action                   |  1- 3 |  4- 6 || total
-------------------------+-------+-------++-------
Melee: Hand axe          |   126 |   147 ||   273
Throw: Stone             |    18 |    39 ||    57
       Boomerang         |       |     1 ||     1
  Use: Scroll            |       |     9 ||     9
       Potion            |       |     4 ||     4
 Stab: Sleeping          |     1 |     2 ||     3
  Eat: Chunk             |     1 |     5 ||     6
Armor: Robe              |    12 |       ||    12
       Ring mail         |    29 |    48 ||    77
Dodge: Dodged            |    80 |    99 ||   179
